Map: Cyber Forest LE

Players

TiPtOP - Winner!

  • Race: Terran Terran
  • League: Silver
  • Spawn Location: 5:00

zonrox

  • Race: Zerg Zerg
  • Spawn Location: 11:00

VOD

Have the link to the VOD?

Description

Time

  • Played on: Aug. 12, 2019, 11:36 p.m.
  • Length: 16:39
Show
View Real Time Build Order
Export as new Build Order

TiPtOP Terran - Winner!

Build Orders:  

Get SALT Encoding   

  12  0:01  SCV  
  13  0:13  SCV  
  14  0:23  Supply Depot  
  14  0:26  SCV  
  15  0:33  Refinery  
  15  0:49  Barracks  
  15  0:50  SCV  
  16  1:02  SCV  
  17  1:15  SCV  
  18  1:31  SCV  
  19  1:37  Command Center  
  19  1:43  SCV  
  20  1:57  Factory  
  20  2:02  Barracks Reactor  
  20  2:18  SCV  
  21  2:25  Refinery  
  21  2:30  SCV  
  22  2:40  Marine  
  23  2:49  Marine  
  24  2:52  Supply Depot  
  24  2:55  Starport  
  24  3:03  SCV  
  25  3:06  Orbital Command  
  25  3:07  Factory Tech Lab  
  25  3:13  Marine x2  
  25  3:15  SCV  
  28  3:37  Fusion Core  
  28  3:42  Starport Reactor  
  28  3:45  Widow Mine  
  28  3:48  Marine x2  
  30  3:50  SCV  
  30  3:52  SCV  
  34  4:02  SCV  
  35  4:04  SCV  
  36  4:17  SCV  
  36  4:18  SCV  
  38  4:36  Marine x2  
  39  4:56  Battlecruiser  
  45  5:04  Marine  
  46  5:15  Supply Depot  
  46  5:19  Supply Depot  
  46  5:25  Orbital Command  
  46  5:36  Marine  
  47  5:46  Starport  
  47  6:05  Bunker  
  47  6:06  Battlecruiser  
  53  6:15  SCV x2  
  53  6:17  Marine x2  
  57  6:22  Widow Mine x2  
  61  6:35  Marine  
  62  6:41  Starport Tech Lab  
  62  6:53  Supply Depot  
  62  6:54  Refinery  
  62  7:13  Supply Depot  
  62  7:14  SCV x2  
  62  7:15  Supply Depot  
  64  7:19  Supply Depot  
  64  7:26  SCV x2  
  66  7:44  Battlecruiser  
  72  7:48  SCV  
  73  7:58  Refinery, SCV  
  74  8:00  SCV  
  75  8:10  SCV  
  75  8:12  SCV  
  77  8:49  Battlecruiser x2  
  89  9:38  Command Center  
  89  9:48  Armory  
  89  9:52  Supply Depot  
  89  10:14  Battlecruiser x2  
  101  10:15  Supply Depot  
  101  10:37  Supply Depot  
  101  10:49  SCV  
  102  10:50  SCV  
  102  10:55  Refinery  
  103  10:58  SCV  
  103  11:02  SCV x2, Supply Depot  
  106  11:10  SCV  
  107  11:18  Battlecruiser x2  
  119  11:21  Refinery  
  119  11:22  SCV  
  120  11:34  Terran Ship Weapons Level 1, SCV  
  120  11:35  Weapon Refit  
  120  11:39  Armory  
  121  11:45  Engineering Bay  
  121  11:48  Starport  
  121  12:04  SCV  
  121  12:05  SCV x2  
  124  12:15  Supply Depot  
  122  12:16  SCV  
  122  12:17  SCV  
  123  12:28  SCV  
  124  12:40  SCV  
  125  13:05  Terran Vehicle And Ship Armor Level 1  
  125  13:17  Missile Turret  
  125  13:18  Supply Depot  
  125  13:25  Starport Tech Lab  
  125  13:28  Battlecruiser x2  
  137  13:41  Missile Turret  
  137  13:42  Supply Depot  
  137  14:32  Battlecruiser  
  137  15:11  SCV  
  137  15:12  SCV  
  139  15:14  Planetary Fortress  
  139  15:24  Sensor Tower, SCV x2  
  141  15:36  SCV x2  
  143  15:55  Command Center  
Show
View Real Time Build Order
Export as new Build Order

zonrox Zerg 

Build Orders: Pool First 

Get SALT Encoding   

  12  0:08  Drone x2  
  14  0:21  Overlord  
  14  0:32  Overlord  
  14  0:42  Drone  
  15  0:52  Extractor  
  14  0:59  Drone x2  
  16  1:04  Drone  
  17  1:21  Spawning Pool  
  17  1:23  Drone  
  17  1:31  Evolution Chamber  
  17  1:32  Drone  
  17  1:46  Drone x2  
  19  2:05  Drone  
  20  2:15  Spine Crawler  
  19  2:27  Spine Crawler  
  18  2:32  Zergling x4  
  18  2:33  Zergling x2  
  21  2:59  Hatchery  
  20  3:08  Drone  
  20  3:09  Drone x2  
  23  3:17  Spore Crawler  
  22  3:27  Spore Crawler  
  22  3:34  Spore Crawler  
  20  3:43  Spine Crawler  
  20  3:44  Drone x3  
  22  4:02  Drone, Spine Crawler  
  22  4:13  Drone, Extractor  
  22  4:17  Drone  
  23  4:40  Drone x2  
  25  4:52  Spine Crawler  
  24  4:54  Drone x3  
  27  5:07  Spine Crawler  
  26  5:15  Lair  
  26  5:16  Spine Crawler  
  26  5:18  Drone  
  26  5:19  Drone  
  27  5:22  Drone x3  
  30  5:35  Spine Crawler  
  29  5:44  Drone  
  29  5:45  Drone  
  31  5:55  Hatchery  
  30  5:59  Drone  
  31  6:12  Spine Crawler  
  31  6:15  Drone  
  31  6:17  Drone  
  31  6:18  Drone x2  
  34  6:36  Hydralisk Den  
  32  7:25  Spore Crawler  
  32  7:29  Hydralisk  
  31  7:30  Hydralisk x2  
  31  7:33  Hydralisk x2  
  41  7:39  Overlord x3  
  31  8:21  Drone  
  31  8:22  Hydralisk x2  
  33  9:31  Spore Crawler  
  32  9:51  Drone  
  32  9:52  Drone x2  
  35  9:57  Spore Crawler  
  34  10:01  Spore Crawler  
  33  10:11  Spore Crawler  
  29  10:15  Spore Crawler  
  22  10:31  Spore Crawler  
  22  10:33  Drone x3  
  24  10:39  Spore Crawler  
  23  10:44  Hydralisk x3  
  29  10:57  Spore Crawler  
  28  11:03  Spore Crawler  
  27  11:06  Spore Crawler  
  26  11:13  Hydralisk x3  
  32  11:21  Drone x2  
  32  11:22  Drone  
  35  11:30  Zergling x2  
  36  11:47  Overlord x2  
  36  12:29  Spore Crawler  
  35  13:04  Drone x2  
  35  13:05  Drone  
  34  13:10  Spore Crawler  
  33  13:14  Spore Crawler  
  33  13:19  Spore Crawler  
  31  13:24  Drone x3  
  34  13:34  Spore Crawler  
  23  14:04  Hydralisk x2  
  23  14:05  Hydralisk  
  23  14:07  Hydralisk x3  
  35  14:18  Spore Crawler  
  31  14:49  Hydralisk  
  31  14:50  Hydralisk x2  
  31  14:52  Hydralisk x3  
  43  15:02  Hatchery  
  42  15:27  Hydralisk  
  44  15:43  Overlord  
  44  15:44  Overlord x2  
Tags
 
Add a new tag
Caveats
  • Supply blocks, unpowered buildings, or Contaminate may cause inaccurate times.
  • Supply counts are checked every 10 seconds.